 Dungeon Crawl Stone Soup version 0.31-a0-740-g87205ac768 (webtiles) character file.

Game seed: 16167539395831985525

140 pokeman the Magician (level 5, -3/29 HPs)
             Began as a Deep Elf Hedge Wizard on Sept 12, 2023.
             Killed by nerve-wracking pain
             ... invoked by Grinder
              (12 damage)
             ... on level 3 of the Dungeon.
             The game lasted 00:07:15 (3471 turns).

pokeman the Magician (Deep Elf Hedge Wizard)        Turns: 3471, Time: 00:07:15

Health: -3/29      AC:  4    Str:  7    XL:     5   Next: 2%
Magic:  14/15      EV: 13    Int: 21    God:
Gold:   130        SH:  0    Dex: 14    Spells: 8/16 levels left

rFire   . . .        p - +3 dagger (venom)
rCold   . . .        (no shield)
rNeg    . . .        b - +0 robe
rPois   .            a - +0 helmet
rElec   .            (no cloak)
rCorr   .            l - +0 pair of gloves
SInv    .            (no boots)
Will    .....        (no amulet)
Stlth   ++           (no ring)
HPRegen 0.24/turn    (no ring)
MPRegen 0.14/turn

%: no passive effects
@: no status effects
A: no striking features
a: no special abilities


You were on level 3 of the Dungeon.
You visited 1 branch of the dungeon, and saw 3 of its levels.

You collected 130 gold pieces.

Inventory:

Hand Weapons
 p - a +3 dagger of venom (weapon)
Armour
 a - a +0 helmet (worn)
 b - a +0 robe (worn)
 l - a +0 pair of gloves (worn)
Jewellery
 m - an amulet of guardian spirit
 o - a ring of fire
Scrolls
 e - 5 scrolls of identify {unknown}
 f - 2 scrolls of noise {unknown}
 h - a scroll of enchant weapon {unknown}
 i - a scroll of fog {unknown}
 k - a scroll of silence {unknown}
 n - 2 scrolls of teleportation {unknown}
Potions
 c - a potion of enlightenment {unknown}
 d - a potion of magic
 g - a potion of degeneration {unknown}
 j - a potion of cancellation {unknown}


   Skills:
 + Level 1.4 Fighting
 - Level 1.0 Armour
 + Level 3.0 Dodging
 - Level 2.4 Stealth
 * Level 6.0 Spellcasting
 + Level 2.4 Conjurations
 - Level 1.1 Summonings
 - Level 1.1 Translocations


You had 8 spell levels left.
You knew the following spells:

 Your Spells              Type           Power      Damage    Failure   Level
a - Magic Dart            Conj           64%        1d6       3%          1
b - Mephitic Cloud        Conj/Pois/Air  9%         N/A       21%         3
c - Call Imp              Summ           22%        N/A       10%         2
d - Blink                 Tloc           22%        N/A       10%         2

Your spell library contained the following spells:

 Spells                   Type           Power      Damage    Failure   Level
 Slow                     Hex            24%        N/A       10%         1
 Cigotuvi's Dreadful Rot  Necr/Pois/Air  12%        N/A       14%         2
 Dazzling Flash           Conj/Hex       22%        N/A       17%         3
 Agony                    Necr           6%         N/A       95%         5
 Silence                  Hex/Air        3%         N/A       95%         5


Dungeon Overview and Level Annotations

Branches:
Dungeon (3/15)

Altars:
Wu Jian

Annotations:
D:3 Grinder


Message History

You see here a bat skeleton.
Magic restored.
Grinder is nearby!
Unknown command.
Grinder gestures at you.
You suddenly lose the ability to move!
Grinder blinks! x2
Grinder barely misses you.
You can move again.
Casting: Call Imp (safe; 10% risk of failure)
Confirm with . or Enter, or press ? or * to list all spells.
You blink.
Grinder zaps a wand.
The puff of flame hits you!
Casting: Blink (safe; 10% risk of failure)
Confirm with . or Enter, or press ? or * to list all spells.
A tiny devil pulls itself out of the air.
Grinder hits you!
You writhe in agony.
* * * LOW HITPOINT WARNING * * *
Grinder blinks!
You feel stable enough to blink again.
Your cerulean imp hits Grinder from afar with a -3 spear.
Grinder says, "DUCK!"
Grinder blinks!
Your cerulean imp hits Grinder from afar with a -3 spear.
Grinder blinks!
Your cerulean imp barely misses Grinder.
Grinder gestures at you.
You suddenly lose the ability to move!
Your cerulean imp closely misses Grinder.
You can move again.
Your cerulean imp hits Grinder from afar with a -3 spear.
Grinder gestures at you.
You suddenly lose the ability to move!
Your cerulean imp closely misses Grinder.
You can move again.
Your cerulean imp hits Grinder from afar with a -3 spear.
Grinder gestures at you. Pain shoots through your body!
You die...
Grinder says, "Now the real fun starts!"

###.####§######### #.(.......##..
###.# ##.# ##.#######.##.# .####
#..## #...# #..... ##8####..5#
#...# #..... 8...8##.#.## #...#
####.##.# ......##...# #...#
#.......# .._...8##..#
######...###.##.#...
......###..###.............#.....
8...8##.#..5.5..@............#..#
##.####...#.##...................
.#.##.###...#######...########..#
....#......## #.....# ##.#
##########.# #.....# #.. ######.#
#.....# ### #......### ##...## #.
♣####.##.....# ###.######## ##
♣♣....##.###.#####........5.# #


You could see Grinder (ally target) and a friendly cerulean imp (summoned).

Vanquished Creatures
  4 gnolls (D:2)
  3 adders
  A worm (D:2)
  2 dart slugs
  An orc (D:2)
  6 bats
  8 endoplasms
  A giant cockroach (D:1)
  5 goblins
  7 hobgoblins
  4 jackals (D:3)
  6 kobolds
  2 quokkas (D:3)
  6 ball pythons
  9 rats
65 creatures vanquished.

Notes
Turn   | Place    | Note
-------+----------+-------------------------------------------
     0 | D:1      | pokeman the Deep Elf Hedge Wizard began the quest for the
                  | Orb.
     0 | D:1      | Reached XP level 1. HP: 10/10 MP: 7/7
   233 | D:1      | Reached XP level 2. HP: 4/16 MP: 1/9
   666 | D:1      | Reached skill level 5 in Spellcasting
   914 | D:1      | Reached XP level 3. HP: 9/20 MP: 3/11
   918 | D:1      | Learned a level 3 spell: Mephitic Cloud
   921 | D:1      | Learned a level 2 spell: Call Imp
   924 | D:1      | Learned a level 2 spell: Blink
  1394 | D:2      | Reached skill level 1 in Armour
  1514 | D:2      | Reached skill level 1 in Fighting
  1734 | D:2      | Reached XP level 4. HP: 25/25 MP: 5/13
  2644 | D:3      | Noticed Grinder
  2649 | D:3      | Paralysed by Grinder for 3 turns
  2688 | D:3      | Paralysed by Grinder for 5 turns
  2695 | D:3      | Paralysed by Grinder for 4 turns
  2849 | D:3      | Reached skill level 6 in Spellcasting
  3133 | D:3      | Reached XP level 5. HP: 29/29 MP: 7/15
  3204 | D:3      | Found an ornate altar of the Wu Jian Council.
  3228 | D:3      | Found a faded altar of an unknown god.
  3353 | D:3      | Paralysed by Grinder for 3 turns
  3445 | D:3      | Paralysed by Grinder for 5 turns
  3463 | D:3      | Paralysed by Grinder for 2 turns
  3468 | D:3      | Paralysed by Grinder for 3 turns
  3471 | D:3      | Killed from afar by Grinder

Illustrated notes

Levels and vault maps discovered:
D:1:      tarquinn_simple_flora_water_d, layout_rooms
D:2:      layout_basic
D:3:      layout_loops_cross, nzn_wu_jian_council_hall,
          shapermc_ecumenical_altar_totnotflames, uniq_grinder

Skill      XL: |  1  2  3  4 |
---------------+-------------+-----
Spellcasting   | 5 6 |  6.0
Armour         | 1 |  1.0
Fighting       | 1 |  1.4
Conjurations   | 2 |  2.4
Dodging        | 3 |  3.0
Stealth        | |  2.4
Summonings     | |  1.1
Translocations | |  1.1

Action                     |  1- 3 |  4- 6 || total
---------------------------+-------+-------++-------
  Melee: Dagger            |    11 |     5 ||    16
         Spear             |       |    17 ||    17
         Punch             |       |     1 ||     1
   Cast: Magic Dart        |   118 |    80 ||   198
         Mephitic Cloud    |     2 |     1 ||     3
         Blink             |       |     4 ||     4
         Call Imp          |       |     5 ||     5
 Armour: Robe              |    24 |    27 ||    51
  Dodge: Dodged            |    24 |    45 ||    69

Table legend: (Time is in decaauts)
 A = Elapsed time spent in this place.
 B = Non-inter-level travel time spent in this place.
 C = Inter-level travel time spent in this place.
 D = Time resting spent in this place.
 E = Time spent auto-exploring this place.
 F = Levels seen in this place.
 G = Mean time per level.
                   A        B        C        D        E       F      G
               +--------+--------+--------+--------+--------+-----+--------+
         Total |   3472 |   3389 |     83 |     98 |   2667 |   3 | 1157.3 |
       Dungeon |   3472 |   3389 |     83 |     98 |   2667 |   3 | 1157.3 |
               +--------+--------+--------+--------+--------+-----+--------+

Top non-repeatable levels by time:
     D:2: 1257 daAuts
     D:1: 1168 daAuts
     D:3: 1046 daAuts
